cohdb
Replays
Latest Replays
All Replays
Popular Replays
Top Player Replays
Match Explorer
How It Works
Community
CoH3 Stats
Reddit
Sign in to upload your games and track your stats! →
Sign in with Steam
Match 46734069
Unlisted
Match 46734069
Overview
Messages
Build Orders
End
Construct Barracks
Engineer Squad
Riflemen Squad
Selects Advanced Infantry Battlegroup
Riflemen Squad
M1 Mortar Team
Infantry Support Center
Selects Convert to Ranger Squad
Grenade Package
Riflemen Squad
Construct Motor Pool
Convert to Ranger Squad
Construct Weapon Support Center
Selects Frontline Medical Station
Advanced Logistics
Convert to Ranger Squad
Selects Artillery Observers
Selects Artillery Observers
Artillery Observer Squad
Munitions Surplus
Engineer Squad
Frontline Medical Station
Selects Ranger Weapon Training
Ranger Squad
Survival Training
M1 Anti-tank Gun Team
Improved M9 Bazooka Rockets
Selects M2A1 105mm Howitzer Emplacement
Selects Free Fire Drills
Serika
Bubbciss
untiltable mountain #zliquid
melkychuku
Totenkopf 💀 Abteilung
喝牛就能大
0
0
Comments
sign in to comment!
No comments posted yet!